MID
KANNAPOLIS INTIMIDATORS @ QUAD CITIES RIVER BANDITS
09/20/2049
 
TOP OF THE 1ST
Kannapolis Intimidators batting - Pitching for Quad Cities River Bandits : RHP Russ Greer
Pitching: RHP Russ Greer
Batting: RHB Kunimatsu Oya 0-0: Called Strike
0-1: SINGLE (Groundball, 56D, EV 99.4 MPH)
Batting: SHB Andres Agudo 0-0: Foul Ball, location: 2F
0-1: Swinging Strike
0-2: Strikes out looking
Batting: RHB Tony Garcia 0-0: Called Strike
0-1: Ball
1-1: Ball
2-1: Ball
3-1: Base on Balls
Kunimatsu Oya to second
Batting: LHB Jesus Ramirez 0-0: Called Strike
0-1: Ground out 6-3 (Groundball, P, EV 83.8 MPH)
Kunimatsu Oya to third
Tony Garcia to second
Batting: RHB Nick Kleckner 0-0: Called Strike
0-1: Foul Ball, location: 2F
0-2: Ball
1-2: Ball
2-2: Ball
3-2: Ground out 3-1 (Groundball, 34, EV 101.9 MPH)
Top of the 1st over - 0 runs, 1 hit, 0 errors, 2 left on base; Kannapolis 0 - Quad Cities 0
BOTTOM OF THE 1ST
Quad Cities River Bandits batting - Pitching for Kannapolis Intimidators : RHP Alfredo Leiva
Pitching: RHP Alfredo Leiva
Batting: LHB Jose Chavez 0-0: Ball
1-0: Ball
2-0: Foul Ball, location: 2F
2-1: Ball
3-1: Base on Balls
Batting: RHB Sean Mounts 0-0: Called Strike
0-1: Ball
1-1: Fielders Choice at 2nd, 5-4 (Groundball, 5, EV 107.5 MPH)
Batting: RHB Xavier Castaneda 0-0: Ball
Sean Mounts steals 2nd base
1-0: Ball
2-0: Foul Ball, location: 2F
2-1: Foul Ball, location: 2F
2-2: Ball
3-2: Fly out, F8 (Flyball, 78M, EV 88.8 MPH)
Batting: LHB Wade Girard 0-0: Ball
1-0: Swinging Strike
1-1: Ball
2-1: Swinging Strike
2-2: Ball
3-2: Strikes out looking
Bottom of the 1st over - 0 runs, 0 hits, 0 errors, 1 left on base; Kannapolis 0 - Quad Cities 0
TOP OF THE 2ND
Kannapolis Intimidators batting - Pitching for Quad Cities River Bandits : RHP Russ Greer
Batting: RHB Tommy Ellington 0-0: Called Strike
0-1: SINGLE (Groundball, 6MD, EV 96.2 MPH)
Batting: RHB Kaoru Hamada 0-0: Fielders Choice at 2nd, 2-4 (Groundball, 15S, EV 72.5 MPH)
Batting: RHB Santos Guadalupe 0-0: Called Strike
0-1: Called Strike
0-2: Ball
1-2: Ball
2-2: Foul Ball, location: 2F
2-2: Ball
3-2: Foul Ball, location: 2F
3-2: Fielders Choice at 2nd, 5-4 (Groundball, 56, EV 96.9 MPH)
Batting: RHB Miguel Pacheco 0-0: Ball
1-0: Fly out, F7 (Line Drive, 7, EV 86.9 MPH)
Top of the 2nd over - 0 runs, 1 hit, 0 errors, 1 left on base; Kannapolis 0 - Quad Cities 0
BOTTOM OF THE 2ND
Quad Cities River Bandits batting - Pitching for Kannapolis Intimidators : RHP Alfredo Leiva
Batting: RHB Cameron Rattenbury 0-0: Foul Ball, location: 2F
0-1: Fly out, F7 (Flyball, 7LM, EV 90.0 MPH)
Batting: RHB Omar Amaya 0-0: Called Strike
0-1: SOLO HOME RUN (Flyball, 78XD, EV 108.8 MPH), Distance : 396 ft
Batting: LHB Tomas de Zeeuw 0-0: Swinging Strike
0-1: Ball
1-1: Ball
2-1: Ball
3-1: Ground out U3 (Groundball, 3, EV 86.9 MPH)
Batting: RHB Yoshitoshi Mori 0-0: Ball
1-0: Ball
2-0: Called Strike
2-1: Ball
3-1: Foul Ball, location: 2F
3-2: Foul Ball, location: 2F
3-2: Foul Ball, location: 2F
3-2: SINGLE (Line Drive, 89S, EV 101.2 MPH)
Batting: RHB Oren Jones 0-0: Ball
1-0: Fly out, F8 (Flyball, 8LXD, EV 105.0 MPH)
Bottom of the 2nd over - 1 run, 2 hits, 0 errors, 1 left on base; Kannapolis 0 - Quad Cities 1
TOP OF THE 3RD
Kannapolis Intimidators batting - Pitching for Quad Cities River Bandits : RHP Russ Greer
Batting: RHB Kunimatsu Oya 0-0: Ball
1-0: Called Strike
1-1: Called Strike
1-2: Ground out 5-3 (Groundball, 5, EV 90.6 MPH)
Batting: SHB Andres Agudo 0-0: Called Strike
0-1: Ground out 6-3 (Groundball, 6M, EV 105.0 MPH)
Batting: RHB Tony Garcia 0-0: Ball
1-0: Foul Ball, location: 2F
1-1: Ground out 6-3 (Groundball, 6, EV 103.1 MPH)
Top of the 3rd over - 0 runs, 0 hits, 0 errors, 0 left on base; Kannapolis 0 - Quad Cities 1
BOTTOM OF THE 3RD
Quad Cities River Bandits batting - Pitching for Kannapolis Intimidators : RHP Alfredo Leiva
Batting: LHB Jose Chavez 0-0: Ball
1-0: Called Strike
1-1: Ball
2-1: Foul Ball, location: 2F
2-2: Strikes out swinging
Batting: RHB Sean Mounts 0-0: Ball
1-0: Ball
2-0: Ball
3-0: Called Strike
3-1: Ground out U3 (Groundball, 3S, EV 73.1 MPH)
Batting: RHB Xavier Castaneda 0-0: Called Strike
0-1: Ball
1-1: Foul Ball, location: 2F
1-2: Strikes out looking
Bottom of the 3rd over - 0 runs, 0 hits, 0 errors, 0 left on base; Kannapolis 0 - Quad Cities 1
TOP OF THE 4TH
Kannapolis Intimidators batting - Pitching for Quad Cities River Bandits : RHP Russ Greer
Batting: LHB Jesus Ramirez 0-0: Ball
1-0: Ground out 3-1 (Groundball, 3D, EV 81.9 MPH)
Batting: RHB Nick Kleckner 0-0: Ball
1-0: Ball
2-0: Ball
3-0: Base on Balls
Batting: RHB Tommy Ellington 0-0: Fielders Choice at 2nd, 6-4 (Groundball, 6, EV 108.1 MPH)
Batting: RHB Kaoru Hamada 0-0: Ball
1-0: Ball
2-0: Fly out, F7 (Flyball, 78S, EV 86.9 MPH)
Top of the 4th over - 0 runs, 0 hits, 0 errors, 1 left on base; Kannapolis 0 - Quad Cities 1
BOTTOM OF THE 4TH
Quad Cities River Bandits batting - Pitching for Kannapolis Intimidators : RHP Alfredo Leiva
Batting: LHB Wade Girard 0-0: Ball
1-0: Foul Ball, location: 2F
1-1: Ball
2-1: Ball
3-1: Swinging Strike
3-2: Strikes out looking
Batting: RHB Cameron Rattenbury 0-0: Called Strike
0-1: Ball
1-1: Ball
2-1: Foul Ball, location: 2F
2-2: Ball
3-2: Foul Ball, location: 2F
3-2: Foul Ball, location: 2F
3-2: Base on Balls
Batting: RHB Omar Amaya 0-0: Called Strike
0-1: Swinging Strike
0-2: Ball
1-2: Ball
2-2: Fly out, F9 (Flyball, 9, EV 95.0 MPH)
Batting: LHB Tomas de Zeeuw 0-0: Called Strike
0-1: Called Strike
0-2: Foul Ball, location: 2F
0-2: Ball
1-2: Ground out 6-3 (Groundball, 6S, EV 87.5 MPH)
Bottom of the 4th over - 0 runs, 0 hits, 0 errors, 1 left on base; Kannapolis 0 - Quad Cities 1
TOP OF THE 5TH
Kannapolis Intimidators batting - Pitching for Quad Cities River Bandits : RHP Russ Greer
Batting: RHB Santos Guadalupe 0-0: DOUBLE (Groundball, 5L, EV 106.9 MPH)
Batting: RHB Miguel Pacheco 0-0: Ball
1-0: Ground out 5-3 (Groundball, 5S, EV 84.4 MPH)
Batting: RHB Kunimatsu Oya 0-0: Called Strike
0-1: Ball
1-1: Ball
2-1: SINGLE (Groundball, 56S, EV 71.2 MPH) (infield hit)
Santos Guadalupe to third
Batting: SHB Andres Agudo 0-0: Swinging Strike
0-1: Called Strike
Kunimatsu Oya steals 2nd base
0-2: Ball
1-2: Foul Ball, location: 2F
1-2: Ball
2-2: Foul Ball, location: 2F
2-2: DOUBLE (Groundball, 5L, EV 106.2 MPH)
Santos Guadalupe scores
Kunimatsu Oya scores
Batting: RHB Tony Garcia 0-0: Called Strike
0-1: Ball
1-1: Foul Ball, location: 2F
1-2: Fly out, F4 (Popup, 4, EV 56.9 MPH)
Batting: LHB Jesus Ramirez 0-0: Foul Ball, location: 2F
0-1: Fly out, F3 (Popup, 3SF, EV 85.6 MPH)
Top of the 5th over - 2 runs, 3 hits, 0 errors, 1 left on base; Kannapolis 2 - Quad Cities 1
BOTTOM OF THE 5TH
Quad Cities River Bandits batting - Pitching for Kannapolis Intimidators : RHP Alfredo Leiva
Batting: RHB Yoshitoshi Mori 0-0: Ball
1-0: Ball
2-0: Ground out 5-3 (Groundball, 5S, EV 70.6 MPH)
Batting: RHB Oren Jones 0-0: Called Strike
0-1: Called Strike
0-2: Strikes out swinging
DELAY Rain delay of 47 minutes in the 5th inning.
Pitching: RHP Manny Cordova
Batting: LHB Jose Chavez 0-0: Called Strike
0-1: Ball
1-1: Ball
2-1: SINGLE (Groundball, 6S, EV 67.5 MPH) (infield hit)
Batting: RHB Sean Mounts 0-0: Called Strike
0-1: Ground out 4-3 (Groundball, 4, EV 83.1 MPH)
Bottom of the 5th over - 0 runs, 1 hit, 0 errors, 1 left on base; Kannapolis 2 - Quad Cities 1
TOP OF THE 6TH
Kannapolis Intimidators batting - Pitching for Quad Cities River Bandits : RHP Russ Greer
Batting: RHB Nick Kleckner 0-0: Ball
1-0: Ground out 5-3 (Groundball, 56, EV 85.0 MPH)
Batting: RHB Tommy Ellington 0-0: Called Strike
0-1: Foul Ball, location: 2F
0-2: SINGLE (Groundball, 6, EV 96.2 MPH)
Pitching: RHP Chance Robinson
Batting: RHB Kaoru Hamada 0-0: Grounds into double play, 6-4-3 (Groundball, 56, EV 96.2 MPH)
Top of the 6th over - 0 runs, 1 hit, 0 errors, 0 left on base; Kannapolis 2 - Quad Cities 1
BOTTOM OF THE 6TH
Quad Cities River Bandits batting - Pitching for Kannapolis Intimidators : RHP Manny Cordova
Batting: RHB Xavier Castaneda 0-0: Called Strike
0-1: Ball
1-1: Ball
2-1: Swinging Strike
2-2: Foul Ball, location: 2F
2-2: Foul Ball, location: 2F
2-2: Strikes out looking
Batting: LHB Wade Girard 0-0: Called Strike
0-1: Ball
1-1: Ball
2-1: Foul Ball, location: 2F
2-2: Foul Ball, location: 2F
2-2: Fly out, F6 (Line Drive, 6, EV 72.5 MPH)
Batting: RHB Cameron Rattenbury 0-0: Ball
1-0: Ball
2-0: Ball
3-0: Base on Balls
Batting: RHB Omar Amaya 0-0: Ball
1-0: Swinging Strike
1-1: Foul Ball, location: 2F
1-2: 2-RUN HOME RUN (Flyball, 7D, EV 98.8 MPH), Distance : 383 ft
Batting: LHB Tomas de Zeeuw 0-0: Swinging Strike
0-1: Swinging Strike
0-2: Strikes out swinging
Bottom of the 6th over - 2 runs, 1 hit, 0 errors, 0 left on base; Kannapolis 2 - Quad Cities 3
TOP OF THE 7TH
Kannapolis Intimidators batting - Pitching for Quad Cities River Bandits : RHP Chance Robinson
Batting: RHB Santos Guadalupe 0-0: Ball
1-0: Ball
2-0: Called Strike
2-1: Ball
3-1: Called Strike
3-2: Base on Balls
Pinch Hitting: LHB Ryan Dyal 0-0: Swinging Strike
0-1: Ball
Wild Pitch!
Santos Guadalupe to second
1-1: Ball
2-1: Ball
3-1: Foul Ball, location: 2F
3-2: Base on Balls
Batting: RHB Kunimatsu Oya 0-0: Bunt - Flyout to 3S! F3
Batting: SHB Andres Agudo 0-0: Called Strike
0-1: Foul Ball, location: 2F
0-2: Ball
1-2: Foul Ball, location: 2F
1-2: Foul Ball, location: 2F
1-2: Ball
2-2: Grounds into double play, 6-4-3 (Groundball, 6, EV 106.2 MPH)
Top of the 7th over - 0 runs, 0 hits, 0 errors, 1 left on base; Kannapolis 2 - Quad Cities 3
BOTTOM OF THE 7TH
Quad Cities River Bandits batting - Pitching for Kannapolis Intimidators : RHP Manny Cordova
Pitching: RHP Steve Friesner
Now in RF: Jose Pereyra
Batting: RHB Yoshitoshi Mori 0-0: Ball
1-0: Ball
2-0: Called Strike
2-1: Foul Ball, location: 2F
2-2: Strikes out swinging
Batting: RHB Oren Jones 0-0: Called Strike
0-1: Ball
1-1: Swinging Strike
1-2: Ball
2-2: Foul Ball, location: 2F
2-2: Strikes out swinging
Batting: LHB Jose Chavez 0-0: Ball
1-0: Called Strike
1-1: Foul Ball, location: 2F
1-2: Fly out, F5 (Popup, 5F, EV 65.6 MPH)
Bottom of the 7th over - 0 runs, 0 hits, 0 errors, 0 left on base; Kannapolis 2 - Quad Cities 3
TOP OF THE 8TH
Kannapolis Intimidators batting - Pitching for Quad Cities River Bandits : RHP Chance Robinson
Pitching: RHP Jose Herrera
Batting: RHB Tony Garcia 0-0: Ball
1-0: Ball
2-0: Foul Ball, location: 2F
2-1: Swinging Strike
2-2: Foul Ball, location: 2F
2-2: Ball
3-2: Foul Ball, location: 2F
3-2: Strikes out swinging
Batting: LHB Jesus Ramirez 0-0: Ball
1-0: Called Strike
1-1: Called Strike
1-2: Ground out 6-3 (Groundball, 6MD, EV 100.0 MPH)
Pinch Hitting: LHB Raul Rojas 0-0: Foul Ball, location: 2F
0-1: Ball
1-1: Foul Ball, location: 2F
1-2: Ball
2-2: Strikes out swinging, 2-3 out at first.
Top of the 8th over - 0 runs, 0 hits, 0 errors, 0 left on base; Kannapolis 2 - Quad Cities 3
BOTTOM OF THE 8TH
Quad Cities River Bandits batting - Pitching for Kannapolis Intimidators : RHP Steve Friesner
Pitching: RHP Alje Velders
Now at 3B: Luwen Storm
Batting: RHB Sean Mounts 0-0: Called Strike
0-1: Ball
1-1: Foul Ball, location: 2F
1-2: Strikes out swinging
Batting: RHB Xavier Castaneda 0-0: Called Strike
0-1: Foul Ball, location: 2F
0-2: Ball
1-2: Ball
2-2: Foul Ball, location: 2F
2-2: Foul Ball, location: 2F
2-2: SINGLE (Flyball, 8RS, EV 95.0 MPH)
Batting: LHB Wade Girard 0-0: Called Strike
0-1: Fly out, F8 (Flyball, 78XD, EV 101.2 MPH)
Batting: RHB Cameron Rattenbury 0-0: Called Strike
0-1: Called Strike
Xavier Castaneda steals 2nd base (no throw)
0-2: Foul Ball, location: 2F
0-2: Ball
1-2: Ball
2-2: Ball
3-2: Base on Balls
Pitching: LHP Ray Sowers
Batting: RHB Omar Amaya 0-0: Ball
1-0: Foul Ball, location: 2F
1-1: Ball
2-1: Called Strike
2-2: Ball
3-2: Strikes out swinging
Bottom of the 8th over - 0 runs, 1 hit, 0 errors, 2 left on base; Kannapolis 2 - Quad Cities 3
TOP OF THE 9TH
Kannapolis Intimidators batting - Pitching for Quad Cities River Bandits : RHP Jose Herrera
Pitching: RHP Brian Trejo
Now in LF: Jose Chavez
Now in CF: BenoƮt Morin
Batting: RHB Tommy Ellington 0-0: Ball
1-0: Ball
2-0: Ground out 6-3 (Groundball, 6, EV 95.0 MPH)
Pinch Hitting: SHB Noah Long 0-0: Ball
1-0: Ball
2-0: Ground out 6-3 (Groundball, 6S, EV 66.9 MPH)
Pinch Hitting: RHB Corey Dalton 0-0: Foul Ball, location: 2F
0-1: Ball
1-1: Ball
2-1: Ball
3-1: Ground out 5-3 (Groundball, 5, EV 91.9 MPH)
Top of the 9th over - 0 runs, 0 hits, 0 errors, 0 left on base; Kannapolis 2 - Quad Cities 3
Sunday, July 16th , 2023 - OOTP Baseball 24.6 Build 69